 Dungeon Crawl Stone Soup version 0.31-a0-844-gdc52ec4e09 (webtiles) character file.

Game seed: 16549550957159403918

51 rageheart7 the Changeling (level 3, -3/42 HPs)
             Began as a Merfolk Shapeshifter on Sept 29, 2023.
             Slain by a gnoll
             ... wielding a +0 halberd
              (5 damage)
             ... on level 2 of the Dungeon.
             The game lasted 00:01:37 (956 turns).

rageheart7 the Changeling (Merfolk Shapeshifter)     Turns: 956, Time: 00:01:38

Health: -3/42      AC: 21    Str: 16    XL:     3   Next: 83%
Magic:  3/3        EV:  2    Int:  9    God:
Gold:   21         SH:  0    Dex: 13    Spells: 2/2 levels left

rFire   . .          .
                       - Unarmed
rCold   . . .        (no shield)
rNeg    . . .        a - melded +0 animal skin
rPois   +            (helmet currently unavailable)
rElec   .            (cloak currently unavailable)
rCorr   .            (gloves currently unavailable)
SInv    .            (boots currently unavailable)
Will    .....        (no amulet)
Stlth   +            e - +5 ring of evasion
HPRegen 0.27/turn    (no ring)
MPRegen 0.08/turn

%: no passive effects
@: tree-form (expiring), hasted, very quick
A: stationary, stasis, torment immunity, boosted hp, (nimble swimmer 2),
(mertail)
a: no special abilities


You were on level 2 of the Dungeon.
You were a tree.
You visited 1 branch of the dungeon, and saw 2 of its levels.

You collected 21 gold pieces.

Inventory:

Armour
 a - a +0 animal skin (melded)
Jewellery
 e - a +5 ring of evasion (left branch)
Talismans
 c - a beast talisman
 d - a flux talisman
Scrolls
 f - 3 scrolls of identify {unknown}
 g - a scroll of butterflies {unknown}
 h - 3 scrolls of teleportation {unknown}
 i - a scroll of blinking {unknown}
Potions
 k - a potion of mutation {unknown}


   Skills:
 * Level 2.6 Fighting
 - Level 2.6 Dodging
 * Level 4.2 Unarmed Combat
 - Level 4.2 Shapeshifting


You had 2 spell levels left.
You didn't know any spells.
Your spell library contained the following spells:

 Spells                   Type           Power      Damage    Failure   Level
 Summon Small Mammal      Summ           0%         N/A       38%         1
 Call Canine Familiar     Summ           0%         N/A       77%         3
 Summon Guardian Golem    Hex/Summ       0%         N/A       77%         3


Dungeon Overview and Level Annotations

Branches:
Dungeon (2/15)

Altars:

Shops:
D:1 !?(


Innate Abilities, Weirdness & Mutations

You are a tree.
Your roots penetrate the ground, keeping you stationary.
You cannot be teleported.
You are immune to unholy pain and torment.
Your maximum health is greatly increased.
Your equipment is partially melded.
((You are very nimble when in or above water. (Stealth+, EV+, Speed+++)))
((Your lower body shifts to a powerful aquatic tail in water.))


Message History

Your transformation has ended.
You turn into a tree.
Your +0 animal skin melds into your body.
Your roots penetrate the ground.
You hit the gnoll.
The gnoll is almost dead.
The gnoll hits you but does no damage.
You pummel the gnoll!!
You kill the gnoll!
You smack the endoplasm!
You kill the endoplasm!
You cannot move.
You have nothing you can fire or use right now.
You swing at nothing.
You swing at nothing.
The gnoll hits you but does no damage.
You swing at nothing.
The gnoll hits you but does no damage.
You swing at nothing.
You swing at nothing.
The gnoll hits you from afar with a +0 halberd.
* * * LOW HITPOINT WARNING * * *
You swing at nothing.
The gnoll hits you but does no damage.
You swing at nothing.
You swing at nothing.
The gnoll hits you but does no damage.
You swing at nothing.
You swing at nothing.
The gnoll hits you from afar with a +0 halberd.
* * * LOW HITPOINT WARNING * * *
You swing at nothing.
The gnoll hits you but does no damage.
You swing at nothing.
You swing at nothing.
Your transformation is almost over.
The gnoll hits you from afar with a +0 halberd.
* * * LOW HITPOINT WARNING * * *
You swing at nothing.
You swing at nothing.
The gnoll hits you but does no damage.
You swing at nothing.
The gnoll completely misses you.
You swing at nothing.
You swing at nothing.
The gnoll hits you from afar with a +0 halberd.
You die...

.....#..##..##..#'# #..
#.##.#.#...#..##..#.## ##.
.........#.#.######..####.
.....~...#...#........##..
....~~~......#.<..†⌠...'..
#.###~≈.#..###.†......##..
.....≈~#.## ######..##.##
#####≈~#.# #.###. #.~#♣#
#+# ## #.≈#)# ##~~#g#
#..~≈.# # ......#~.##.#
....# #≈....#
.......##.....~.. . ####.
...J...~. ≈≈≈≈.~~~≈~~≈


You could see a gnoll.

Vanquished Creatures
  2 gnolls (D:2)
  An adder (D:2)
  5 ball pythons
  2 endoplasms
  A giant cockroach (D:1)
  2 goblins (D:1)
  2 hobgoblins (D:1)
  2 quokkas
  2 bats
  A frilled lizard (D:1)
  2 rats (D:1)
22 creatures vanquished.

Notes
Turn   | Place    | Note
-------+----------+-------------------------------------------
     0 | D:1      | rageheart7 the Merfolk Shapeshifter began the quest for the
                  | Orb.
     0 | D:1      | Reached XP level 1. HP: 15/15 MP: 1/1
   115 | D:1      | Reached XP level 2. HP: 21/21 MP: 2/2
   207 | D:1      | Found Vorikkau's Magic Scroll Emporium.
   220 | D:1      | Found Ungismoj's Distillery.
   440 | D:1      | Found Ischuc's Weapon Shop.
   612 | D:2      | Reached XP level 3. HP: 7/27 MP: 3/3
   951 | D:2      | HP: 1/42 [gnoll/+0 halberd (3)]
   956 | D:2      | Slain by a gnoll

Illustrated notes

Levels and vault maps discovered:
D:1:      wander_arrival_estate, layout_basic, serial_shops, shop,
          nicolae_shop_bloodbath_and_beyond, nicolae_diamond_shop
D:2:      layout_loops_cross, serial_rivers, chequers_serial_rivers_small_3,
          chequers_serial_rivers_small_3, chequers_serial_rivers_small_b,
          chequers_serial_rivers_small_a, chequers_serial_rivers_large_b,
          grunt_ministairs_14

Skill      XL: |  1  2  3 |
---------------+----------+-----
Fighting       | 2 |  2.6
Unarmed Combat | 4 |  4.2
Dodging        | |  2.6
Shapeshifting  | |  4.2

Action                     || total
---------------------------++-------
  Melee: Unarmed           ||    69
         Punch             ||     3
    Use: Potion            ||     2
   Stab: Sleeping          ||     3
 Armour: Animal skin       ||    21
         Skin              ||    11
  Dodge: Dodged            ||    50

Table legend: (Time is in decaauts)
 A = Elapsed time spent in this place.
 B = Non-inter-level travel time spent in this place.
 C = Inter-level travel time spent in this place.
 D = Time resting spent in this place.
 E = Time spent auto-exploring this place.
 F = Levels seen in this place.
 G = Mean time per level.
                   A        B        C        D        E       F      G
               +--------+--------+--------+--------+--------+-----+--------+
         Total |    917 |    902 |     15 |      0 |    725 |   2 |  458.5 |
       Dungeon |    917 |    902 |     15 |      0 |    725 |   2 |  458.5 |
               +--------+--------+--------+--------+--------+-----+--------+

Top non-repeatable levels by time:
     D:1: 591 daAuts
     D:2: 325 daAuts
